 Dungeon Crawl Stone Soup version 0.26-a0-546-g3c2127501a (webtiles) character file.

Game seed: 7457667615051434614

266 MrRokkomies the Skirmisher (level 6, -1/53 HPs)
             Began as a Palentonga Fighter on Aug 19, 2020.
             Was a Follower of Trog.
             Slain by Grinder (2 damage)
             ... on level 4 of the Dungeon.
             The game lasted 00:04:05 (2701 turns).

MrRokkomies the Skirmisher (Palentonga Fighter)     Turns: 2701, Time: 00:04:06

Health: -1/53      AC: 11    Str: 20    XL:     6   Next: 0%
Magic:  6/6        EV:  3    Int:  8    God:    Trog [*.....]
Gold:   127        SH:  8    Dex: 11    Spells: 5/5 levels left

rFire    . . .     SeeInvis +   a - +0 war axe
rCold    . . .     Faith    .   c - +0 kite shield
rNeg     . . .     Spirit   .   y - +0 chain mail
rPois    +         Reflect  .   (no helmet)
rElec    .         Harm     .   r - +2 cloak
rCorr    .                      (no gloves)
MR       +....                  (boots restricted)
Stlth    ..........             (no amulet)
HPRegen  0.17/turn              i - ring of protection from magic
MPRegen  0.10/turn              m - ring of poison resistance

@: lethally poisoned (-1 -> -1), berserk cooldown, slowed, very slow
A: large, rugged brown scales 3, see invisible, deformed body, roll, armoured
tail
a: Rolling Charge, Berserk, Renounce Religion


You were on level 4 of the Dungeon.
You worshipped Trog.
Trog was aware of your devotion.
You visited 1 branch of the dungeon, and saw 4 of its levels.

You collected 127 gold pieces.

Inventory:

Hand Weapons
 a - a +0 war axe (weapon)
 b - a +0 hunting sling
Missiles
 l - 24 poisoned darts
 o - 46 stones (quivered)
Armour
 c - a +0 kite shield (worn)
 r - a +2 cloak (worn)
 y - a +0 chain mail (worn)
Jewellery
 i - a ring of protection from magic (left hand)
 m - a ring of poison resistance (right hand)
Scrolls
 e - a scroll of magic mapping {unknown}
 f - 9 scrolls of identify {unknown}
 k - a scroll of remove curse {unknown}
 p - 3 scrolls of random uselessness {unknown}
 q - a scroll of blinking {unknown}
 t - 2 scrolls of teleportation {unknown}
 u - a scroll of enchant armour {unknown}
 v - a scroll of amnesia {unknown}
Potions
 d - a potion of might
 g - a potion of magic {unknown}
 h - 2 potions of heal wounds {unknown}
 j - 2 potions of curing {unknown}
 n - a potion of lignification {unknown}
 s - a potion of haste {unknown}
 w - 2 potions of degeneration {unknown}
 x - a potion of invisibility {unknown}


   Skills:
 * Level 4.8 Fighting
 * Level 4.2 Axes
 + Level 3.2 Armour
 - Level 2.4 Shields


You had 5 spell levels left.
You didn't know any spells.
Your spell library was empty.

Dungeon Overview and Level Annotations

Branches:
Dungeon (4/15)
 Temple: D:4-7

Altars:
Elyvilon
Trog
Vehumet
Yredelemnul
Zin

Annotations:
D:4 Grinder


Innate Abilities, Weirdness & Mutations

You are completely covered in rugged brown scales. (AC +3, +7% HP)
You have supernaturally acute eyesight. (SInv)
Armour fits poorly on your strangely shaped body.
You can roll at foes to attack.
You have a long armoured tail.


Message History

* * * LOW HITPOINT WARNING * * *
You writhe in agony.
* * * LOW HITPOINT WARNING * * *
Your shield and chain mail prevent you from hitting Grinder.
Grinder is severely wounded.
You closely miss the adder. The adder bites you but does no damage.
Grinder blinks!
You block the adder's attack.
You closely miss the adder.
The adder is severely wounded.
You feel sick. You block the adder's attack.
You completely miss the adder.
Your tail-slap misses the adder.
The adder is severely wounded.
You hit Grinder.
You are no longer berserk.
You are exhausted.
You feel yourself slow down. Grinder hits you.
* * * LOW HITPOINT WARNING * * *
You writhe in agony.
You die...

#.#.# #.#<#
#.#.####.#.#
#.#......#.#
#.########.#
######'### #.#
$.........# #.#
##..^.....# #.#
#.)......## #.#
#........@#
#.......†S5#
#.......$....#
#$......≈....#
###.≈.≈≈≈≈≈....
#≈≈#≈#≈#######
#≈≈≈≈≈≈≈
########


You could see Grinder and an adder.

Vanquished Creatures
  An ogre (D:4)
  An orc priest (D:3)
  A worker ant (D:2)
  3 adders
  A river rat (D:4)
  3 oozes
  2 worms
  A dart slug (D:1)
  3 orcs (D:3)
  5 ball pythons
  5 bats
  4 giant cockroaches
  2 gnoll zombies (D:2)
  7 goblins
  6 hobgoblins
  9 jackals (D:1)
  8 kobolds
  7 frilled lizards
  6 rats
75 creatures vanquished.

Notes
Turn   | Place    | Note
-------+----------+-------------------------------------------
     0 | D:1      | MrRokkomies the Palentonga Fighter began the quest for the
                  | Orb.
     0 | D:1      | Reached XP level 1. HP: 19/19 MP: 1/1
    63 | D:1      | Reached XP level 2. HP: 23/25 MP: 2/2
   453 | D:1      | Reached XP level 3. HP: 31/31 MP: 3/3
   826 | D:2      | Reached XP level 4. HP: 34/39 MP: 4/4
   883 | D:2      | Found a white marble altar of Elyvilon.
  1244 | D:2      | Found a basalt altar of Yredelemnul.
  1483 | D:2      | Found a faded altar of an unknown god.
  1488 | D:2      | Became a worshipper of Trog the Wrathful
  1488 | D:2      | Reached * piety under Trog
  1546 | D:2      | Found a bloodstained altar of Trog.
  1996 | D:3      | Reached XP level 5. HP: 33/44 MP: 5/5
  2449 | D:3      | Found a glowing silver altar of Zin.
  2449 | D:3      | Found a radiant altar of Vehumet.
  2636 | D:4      | Noticed an ogre
  2640 | D:4      | Killed an ogre
  2682 | D:4      | Noticed Grinder
  2690 | D:4      | Reached XP level 6. HP: 35/53 MP: 6/6
  2701 | D:4      | HP: 1/53 [Grinder (2)]
  2701 | D:4      | Slain by Grinder

Illustrated notes

Levels and vault maps discovered:
D:1:      wheals_arrival_shading, layout_basic
D:2:      layout_loops_ring, elyvilon_altar_3, lemuel_round_altar,
          lemuel_zombie_altar_yredelemnul, chequers_ecumenical_altar_lobes,
          serial_bayou_ford_a, grunt_ministairs_8, serial_park_tiny_1
D:3:      layout_basic, amethyst_overflow_temple_binary
D:4:      layout_basic, nicolae_overflow_crystal_walls,
          lightli_sewer_entry_pipes, serial_shops, kennysheep_mini_moat,
          gammafunk_ghost_split, uniq_grinder, uniq_pikel

Skill      XL: |  1  2  3  4  5 |
---------------+----------------+-----
Axes           | 3 4 |  4.2
Fighting       | 4 |  4.8
Armour         | 3 |  3.2
Shields        | |  2.4

Action                   |  1- 3 |  4- 6 || total
-------------------------+-------+-------++-------
Melee: War axe           |   110 |   104 ||   214
       Tailslap          |     7 |    12 ||    19
Invok: Berserk           |       |     1 ||     1
Armor: Scale mail        |    64 |    47 ||   111
       Chain mail        |       |    22 ||    22
Dodge: Dodged            |    29 |    22 ||    51
Block: Kite shield       |    60 |    50 ||   110

Table legend: (Time is in decaauts)
 A = Elapsed time spent in this place.
 B = Non-inter-level travel time spent in this place.
 C = Inter-level travel time spent in this place.
 D = Time resting spent in this place.
 E = Time spent auto-exploring this place.
 F = Levels seen in this place.
 G = Mean time per level.
                   A        B        C        D        E       F      G
               +--------+--------+--------+--------+--------+-----+--------+
         Total |   2793 |   2734 |     59 |    266 |   1970 |   4 |  698.2 |
       Dungeon |   2793 |   2734 |     59 |    266 |   1970 |   4 |  698.2 |
               +--------+--------+--------+--------+--------+-----+--------+

Top non-repeatable levels by time:
     D:2: 1130 daAuts
     D:3: 814 daAuts
     D:1: 783 daAuts
     D:4: 66 daAuts
